Map: 로스트 앤 파운드 - 래더

Players

lIIllllIIlll (INnoVation) - Winner!

  • Race: Terran Terran
  • League: Master
  • Spawn Location: 1:00

Solar

  • Race: Zerg Zerg
  • League: Platinum
  • Spawn Location: 7:00

Event: HomeStory Cup XVIII

VOD

Have the link to the VOD?

Description

Time

  • Played on: Nov. 24, 2018, 8:42 a.m.
  • Length: 16:19

All games in this series

Show
View Real Time Build Order
Export as new Build Order

lIIllllIIlll Terran - Winner!

Build Orders: Gas First Reaper Expand, Reaper Expand, Hellion Banshee 

Get SALT Encoding   

  12  0:00  SCV  
  13  0:12  SCV  
  14  0:17  Supply Depot  
  14  0:25  SCV  
  14  0:27  Refinery  
  15  0:38  SCV  
  16  0:44  Barracks  
  16  0:50  SCV  
  17  1:02  SCV  
  18  1:14  SCV  
  19  1:30  Orbital Command  
  19  1:31  Reaper  
  20  1:41  Command Center  
  20  1:52  Factory  
  20  1:56  SCV  
  21  2:04  Refinery  
  21  2:05  Barracks Reactor  
  21  2:08  SCV  
  21  2:12  Supply Depot  
  22  2:20  SCV  
  23  2:33  SCV  
  24  2:39  Starport  
  24  2:44  Hellion  
  24  2:45  Hellion  
  24  2:46  SCV  
  29  2:51  Marine  
  29  2:53  Orbital Command  
  29  2:58  SCV  
  31  3:06  Hellion x2  
  31  3:09  Marine  
  31  3:11  SCV  
  37  3:16  Starport Tech Lab  
  37  3:19  SCV  
  38  3:23  SCV  
  38  3:24  Supply Depot  
  39  3:32  SCV  
  40  3:35  Cloaking Field, SCV  
  40  3:36  Banshee  
  40  3:39  Barracks Tech Lab  
  44  3:45  SCV  
  44  3:47  SCV  
  46  3:50  Hellion x2  
  46  3:54  Supply Depot  
  50  3:57  Stimpack  
  50  3:58  SCV  
  50  4:00  SCV  
  52  4:11  SCV  
  52  4:12  SCV  
  54  4:18  Banshee  
  54  4:19  Factory Reactor  
  54  4:23  Command Center  
  57  4:25  SCV x2  
  57  4:30  Supply Depot  
  59  4:37  SCV x2, Barracks  
  61  4:43  Barracks  
  61  4:51  SCV  
  63  4:52  SCV  
  63  4:53  Engineering Bay  
  63  4:54  Supply Depot, Engineering Bay  
  63  5:03  SCV  
  63  5:05  SCV  
  65  5:10  Starport Reactor  
  65  5:17  Marine, Refinery, SCV x2  
  65  5:18  Refinery  
  68  5:26  Marine x2  
  68  5:27  Terran Infantry Weapons Level 1  
  68  5:28  Terran Infantry Armor Level 1  
  70  5:29  SCV  
  70  5:30  SCV  
  70  5:33  Barracks  
  72  5:38  Barracks, Orbital Command  
  72  5:42  SCV x2  
  74  5:44  Marine  
  74  5:45  Marine x2  
  74  5:46  Marine x2  
  79  5:50  Medivac  
  79  5:51  Medivac  
  79  5:56  SCV  
  84  5:58  Combat Shield, SCV  
  85  6:11  Marine x5  
  85  6:12  SCV  
  85  6:14  Orbital Command  
  85  6:15  SCV  
  92  6:19  Supply Depot  
  92  6:21  Supply Depot  
  92  6:22  Barracks Reactor  
  89  6:26  Barracks Reactor  
  89  6:28  Armory  
  89  6:31  Factory Reactor, Factory  
  89  6:32  SCV x2  
  91  6:35  Marine x2  
  93  6:41  Marine x3  
  93  6:42  SCV  
  93  6:43  Supply Depot  
  93  6:44  Refinery, SCV x2  
  99  6:48  Medivac  
  99  6:49  Supply Depot, Medivac  
  103  6:54  SCV  
  103  6:56  SCV x2  
  103  6:58  Supply Depot  
  103  7:00  Marine x3  
  109  7:04  Marine x4  
  109  7:07  SCV  
  109  7:08  SCV x2  
  116  7:10  Supply Depot  
  116  7:11  Widow Mine x2  
  120  7:22  SCV x3  
  104  7:25  Widow Mine  
  104  7:26  Terran Infantry Armor Level 2, Terran Infantry Weapons Level 2  
  106  7:32  Supply Depot, Widow Mine  
  106  7:34  Widow Mine  
  106  7:35  Drilling Claws  
  106  7:36  SCV x2  
  106  7:37  SCV  
  113  7:42  Medivac  
  113  7:43  Medivac  
  116  7:47  Widow Mine  
  116  7:48  Supply Depot  
  116  7:50  SCV  
  116  7:51  SCV x2  
  118  7:54  Marine x5  
  123  7:59  Widow Mine  
  123  8:04  Widow Mine  
  125  8:12  Supply Depot  
  125  8:14  Medivac x2  
  125  8:15  Concussive Shells  
  125  8:16  Marauder  
  125  8:18  Terran Vehicle And Ship Armor Level 1  
  131  8:23  Marine x2  
  131  8:24  Marine  
  131  8:25  Marine x3  
  136  8:27  Command Center  
  136  8:30  Widow Mine x2  
  136  8:31  Widow Mine  
  142  8:38  Barracks  
  142  8:40  Barracks  
  142  8:41  Barracks  
  142  8:43  Marine  
  142  8:44  Marine x7, Marauder  
  142  8:47  Supply Depot  
  152  8:50  Refinery  
  152  8:51  Supply Depot  
  152  8:52  Medivac  
  152  8:53  Medivac  
  156  9:01  Marine x3  
  156  9:02  Marine x3  
  162  9:04  Widow Mine  
  162  9:07  Widow Mine x2, Marauder  
  162  9:15  Marine  
  162  9:16  Marine  
  158  9:19  Marine x3, SCV x3  
  158  9:22  Supply Depot  
  164  9:25  Widow Mine  
  164  9:28  Widow Mine, Marauder  
  164  9:29  Barracks Tech Lab x2  
  170  9:33  Widow Mine  
  170  9:36  Supply Depot  
  170  9:37  Medivac x2  
  176  9:43  Planetary Fortress  
  172  9:47  Widow Mine  
  172  9:48  SCV x3  
  172  9:49  Widow Mine  
  172  9:52  Barracks Tech Lab  
  179  9:54  Widow Mine, Marauder  
  175  10:04  Marine x5, Marauder x2  
  175  10:05  Marine  
  181  10:08  Widow Mine  
  181  10:11  Widow Mine  
  181  10:12  Medivac x2  
  181  10:14  Unknown x3  
  177  10:15  Widow Mine, Marauder  
  177  10:21  Marauder  
  176  10:22  Marine x3  
  176  10:25  Marauder x2  
  181  10:30  Widow Mine  
  181  10:32  Widow Mine  
  181  10:35  Marine x5  
  183  10:37  Widow Mine, Marauder  
  183  10:40  Marine  
  183  10:41  Terran Infantry Weapons Level 3  
  183  10:42  Marauder  
  195  10:47  Terran Infantry Armor Level 3  
  195  10:51  Widow Mine  
  195  10:52  Medivac  
  199  11:01  Marine  
  200  11:04  Command Center  
  200  11:10  Widow Mine x2  
  182  11:12  Widow Mine  
  182  11:14  Marine x7, Marauder x4  
  182  11:17  Medivac  
  199  11:19  Marine  
  199  11:24  Terran Vehicle And Ship Armor Level 2  
  198  11:25  Barracks  
  198  11:26  Ghost Academy  
  198  11:27  Barracks  
  198  11:31  Widow Mine x2  
  196  11:34  Widow Mine, Sensor Tower  
  196  11:35  Marauder, Refinery  
  196  11:36  Refinery  
  200  11:49  Unknown x4  
  200  11:54  Widow Mine  
  197  12:05  Marine, Marauder  
  197  12:06  Marauder x2, Marine x6  
  197  12:07  Widow Mine  
  200  12:12  Medivac  
  200  12:14  Marine  
  200  12:15  Barracks Tech Lab  
  200  12:16  Barracks Tech Lab  
  200  12:20  Marauder  
  185  12:23  Widow Mine x2, Marine x3  
  185  12:24  Marine x2, Medivac  
  185  12:27  Marauder  
  190  12:31  Marauder x2, Marine  
  190  12:32  Planetary Fortress, Marine x2  
  191  12:39  Widow Mine  
  191  12:41  Marauder, Marine  
  191  12:42  Marauder x2, Medivac  
  200  12:54  Medivac  
  200  12:58  Starport x2  
  198  12:59  Fusion Core  
  198  13:02  Marauder  
  198  13:03  Marauder x2, Marine  
  198  13:04  Marine, Marauder x2  
  198  13:05  Widow Mine x2  
  197  13:06  Widow Mine  
  197  13:07  Marine  
  200  13:19  Command Center  
  200  13:39  Marine x2, Marauder x2  
  200  13:47  Widow Mine x3  
  184  13:51  Medivac x2  
  184  13:52  Marine x7  
  184  13:53  Marauder x3  
  184  13:55  Unknown x2  
  175  14:03  Unknown x6  
  164  14:11  Marauder x3, Marine x4  
  164  14:12  Marine x4  
  164  14:13  Widow Mine  
  164  14:14  Widow Mine x2, Marauder  
  164  14:16  Starport Reactor x2  
  178  14:21  Medivac x2  
  183  14:24  SCV x3  
  185  14:35  Widow Mine  
  185  14:36  Orbital Command  
  187  14:41  Widow Mine  
  187  14:42  Widow Mine  
  188  14:47  Unknown  
  188  14:50  Command Center  
  188  14:51  Medivac x2  
  184  14:55  Viking  
  184  14:57  Viking  
  184  14:59  Viking  
  190  15:00  Unknown  
  190  15:03  Viking  
  192  15:25  Refinery, Command Center  
  192  15:26  Viking x2, Refinery  
  192  15:27  Viking x2  
  198  15:44  Viking  
  191  15:55  Unknown  
Show
View Real Time Build Order
Export as new Build Order

Solar Zerg 

Build Orders: Hatch First 

Get SALT Encoding   

  12  0:01  Drone  
  13  0:13  Overlord  
  13  0:17  Drone  
  14  0:31  Drone x2  
  16  0:47  Hatchery  
  15  0:51  Drone  
  15  0:54  Drone  
  17  0:58  Drone  
  18  1:06  Extractor  
  17  1:14  Spawning Pool  
  17  1:16  Drone  
  17  1:20  Drone  
  18  1:28  Drone  
  19  1:48  Drone  
  19  1:52  Overlord  
  20  2:00  Queen x2  
  20  2:01  Zergling x4  
  25  2:07  Metabolic Boost  
  26  2:11  Drone  
  27  2:26  Hatchery  
  27  2:28  Drone  
  27  2:32  Drone  
  27  2:35  Drone  
  29  2:41  Queen  
  31  2:44  Drone  
  31  2:49  Overlord  
  32  2:52  Drone  
  32  2:54  Drone  
  32  2:58  Drone  
  35  3:05  Drone  
  36  3:08  Drone  
  36  3:10  Drone  
  38  3:13  Queen  
  38  3:15  Drone x2  
  38  3:18  Overlord  
  42  3:21  Drone  
  42  3:23  Drone  
  44  3:33  Overlord  
  44  3:37  Queen  
  44  3:39  Drone  
  44  3:40  Drone x3  
  50  3:44  Overlord  
  50  3:47  Overlord  
  50  3:54  Queen  
  52  3:56  Drone x2  
  52  3:57  Drone  
  52  3:58  Drone  
  52  4:01  Zergling x4  
  58  4:03  Drone  
  58  4:05  Drone  
  58  4:06  Drone  
  61  4:11  Evolution Chamber  
  61  4:13  Evolution Chamber  
  61  4:15  Drone x3  
  61  4:24  Drone x2  
  61  4:25  Overlord  
  61  4:27  Drone x2  
  61  4:29  Extractor, Zergling x2  
  65  4:33  Zergling x2  
  65  4:34  Zergling x2, Spore Crawler  
  66  4:40  Overlord  
  66  4:43  Zerg Ground Armor Level 1, Zerg Melee Weapons Level 1  
  66  4:46  Drone  
  66  4:47  Drone  
  66  4:49  Drone  
  66  4:50  Drone  
  66  4:51  Drone x2  
  71  4:55  Overlord  
  71  4:56  Drone  
  71  4:57  Spore Crawler  
  71  4:58  Drone x4  
  75  5:02  Spore Crawler  
  75  5:04  Drone x2  
  76  5:08  Lair  
  76  5:11  Drone x3  
  76  5:12  Drone  
  78  5:17  Extractor, Spore Crawler  
  78  5:19  Spore Crawler  
  78  5:20  Drone x2  
  75  5:25  Drone  
  75  5:26  Drone x2  
  80  5:30  Baneling Nest  
  80  5:31  Drone x3  
  80  5:33  Extractor, Drone x3  
  80  5:34  Extractor  
  83  5:36  Drone  
  83  5:37  Drone  
  83  5:38  Extractor  
  83  5:40  Overlord, Drone  
  85  5:47  Zergling x2  
  85  5:48  Zergling x2  
  87  5:59  Zergling x6  
  90  6:04  Queen  
  90  6:08  Zergling x2  
  90  6:09  Zergling x18  
  90  6:10  Hatchery  
  99  6:16  Overlord  
  99  6:17  Overlord  
  99  6:20  Overseer  
  99  6:23  Hydralisk Den, Baneling  
  99  6:24  Baneling x4  
  98  6:27  Overlord, Baneling x2  
  98  6:28  Zergling x6  
  100  6:35  Zergling x4  
  100  6:36  Zergling x4  
  104  6:41  Baneling x4  
  104  6:42  Zergling x8  
  104  6:43  Drone  
  104  6:46  Drone  
  110  6:54  Zergling x10  
  110  6:55  Zerg Ground Armor Level 2  
  115  7:01  Zerg Melee Weapons Level 2  
  115  7:02  Zergling x2  
  115  7:10  Zergling x4  
  115  7:15  Zergling x14  
  115  7:20  Baneling Nest  
  117  7:25  Queen  
  117  7:29  Zergling x8  
  118  7:30  Overlord  
  118  7:31  Overseer  
  118  7:32  Drone  
  118  7:33  Drone x2  
  118  7:35  Drone  
  118  7:39  Drone x3  
  118  7:42  Drone  
  120  7:46  Overlord x2, Grooved Spines  
  119  7:54  Drone, Hydralisk x2  
  119  7:55  Hydralisk  
  126  8:02  Hydralisk x4  
  133  8:06  Centrifical Hooks  
  133  8:11  Drone x3  
  133  8:12  Extractor, Infestation Pit  
  133  8:14  Hatchery  
  132  8:20  Overlord  
  132  8:23  Drone  
  132  8:25  Hydralisk x6  
  145  8:29  Overlord  
  145  8:30  Hatchery  
  144  8:40  Zergling x24  
  156  8:43  Drone x3  
  159  8:49  Hatchery  
  159  8:52  Hive  
  159  8:53  Spire  
  157  8:57  Hydralisk x2, Muscular Augments  
  157  8:58  Extractor  
  149  9:03  Zergling x10  
  149  9:05  Overlord  
  149  9:07  Zergling x4  
  149  9:11  Pneumatized Carapace  
  149  9:16  Hydralisk x3  
  149  9:18  Zergling x2  
  149  9:19  Zergling x8  
  149  9:23  Overseer  
  154  9:25  Zergling x16  
  154  9:29  Overlord, Spore Crawler  
  154  9:30  Drone  
  154  9:31  Drone  
  163  9:33  Drone  
  163  9:35  Drone  
  163  9:36  Drone  
  163  9:38  Drone x2  
  167  9:39  Hydralisk x2  
  169  9:45  Zergling x4  
  169  9:46  Zergling x4  
  169  9:50  Zergling x4  
  169  9:51  Zergling x6  
  169  9:52  Overseer  
  176  9:56  Zergling x2  
  176  9:57  Zergling x10  
  177  10:06  Zergling x2  
  177  10:07  Zergling x10  
  175  10:08  Overseer, Zergling x8  
  162  10:14  Zergling x2  
  162  10:15  Zergling x8  
  162  10:18  Baneling x3  
  162  10:19  Baneling  
  158  10:22  Zergling x6  
  158  10:27  Zergling x14  
  169  10:28  Zergling x2  
  169  10:31  Greater Spire  
  169  10:37  Viper x2, Baneling x2  
  169  10:38  Baneling x3  
  169  10:41  Adrenal Glands  
  175  10:43  Hydralisk x3, Baneling x3  
  175  10:45  Overseer  
  175  10:48  Zergling x10  
  186  10:51  Zergling x4  
  186  10:56  Overlord x2  
  188  10:57  Overlord  
  188  11:01  Baneling x8  
  188  11:04  Zergling x10  
  164  11:11  Zergling x4  
  164  11:12  Zergling x12  
  164  11:16  Zergling x10  
  162  11:20  Zergling x4  
  162  11:25  Baneling x4  
  164  11:26  Baneling x6  
  164  11:31  Drone x3  
  164  11:32  Drone x3  
  170  11:33  Drone  
  170  11:36  Drone  
  170  11:37  Drone x3  
  175  11:40  Baneling x3  
  175  11:42  Drone x2  
  177  11:47  Hydralisk x2  
  177  11:51  Hydralisk x2  
  179  11:57  Zergling x4  
  179  11:58  Zergling x6  
  181  12:01  Hydralisk  
  181  12:08  Zergling x14  
  172  12:09  Baneling x2  
  172  12:10  Baneling x2  
  172  12:15  Zergling x4  
  164  12:16  Zergling x8  
  164  12:20  Zergling x10  
  164  12:27  Zergling x2  
  164  12:28  Zergling x10  
  164  12:29  Zergling x2  
  160  12:30  Baneling x3  
  160  12:31  Baneling  
  160  12:32  Zergling x2  
  160  12:35  Zergling x2  
  160  12:36  Zergling x2  
  160  12:37  Zergling x4  
  160  12:39  Zergling x4  
  160  12:40  Baneling x2  
  162  12:49  Corruptor x3  
  168  12:51  Overlord  
  168  12:57  Overseer  
  158  13:03  Overseer x2  
  158  13:04  Baneling x5  
  158  13:05  Zergling x18  
  155  13:08  Zergling x6  
  155  13:10  Zergling x4  
  155  13:12  Zergling x4  
  162  13:13  Zergling x2  
  162  13:16  Baneling x2  
  162  13:18  Corruptor  
  165  13:24  Brood Lord  
  167  13:29  Brood Lord x2  
  167  13:32  Baneling x6  
  167  13:33  Baneling  
  171  13:36  Unknown x2  
  171  13:38  Viper  
  171  13:39  Viper  
  166  13:43  Zergling x14  
  166  13:45  Zergling x2  
  166  13:46  Baneling  
  159  13:48  Zergling x2  
  159  13:51  Zergling x2  
  159  13:52  Zergling x10  
  160  13:56  Zergling x2  
  160  13:57  Zergling x2  
  160  13:59  Zergling x6  
  160  14:01  Zergling x2  
  160  14:02  Zergling x4  
  156  14:21  Baneling x4  
  156  14:24  Overlord, Hatchery  
  156  14:25  Corruptor x3  
  161  14:35  Brood Lord  
  161  14:36  Baneling x2  
  161  14:37  Baneling x3  
  162  14:39  Zergling x2  
  162  14:40  Zergling x4  
  162  14:41  Corruptor  
  162  14:42  Zergling x6  
  160  14:50  Zergling x10  
  160  14:51  Zergling x2  
  165  14:58  Baneling x6  
  165  15:04  Brood Lord  
  162  15:15  Brood Lord  
  162  15:16  Corruptor  
  162  15:18  Corruptor  
  167  15:29  Hydralisk  
  167  15:33  Zergling x4  
  167  15:34  Zergling x2  
  169  15:38  Zergling x2  
  169  15:39  Zergling x6  
  167  15:44  Zergling x2  
  167  15:48  Zergling x10  
  160  15:50  Corruptor x2, Zergling x2  
  160  15:54  Zergling x12  
  160  15:57  Zergling x2  
  148  15:59  Zergling x4  
  148  16:00  Zergling x2  
  148  16:01  Zergling x2  
  148  16:03  Unknown  
  148  16:04  Unknown x3  
Tags
 
Add a new tag
Caveats
  • Supply blocks, unpowered buildings, or Contaminate may cause inaccurate times.
  • Supply counts are checked every 10 seconds.